 Dungeon Sprint DCSS version 0.28.0-47-ge53b351184 (webtiles) character file.

Game seed: 17992525374443372275

2544 browni3141 the Warrior (level 9, -7/128 HPs)
             Began as an Ogre Berserker on May 4, 2022.
             Was an Elder of Trog.
             Mangled by a centaur warrior (12 damage)
             ... in the Dungeon (Sprint IX: "|||||||||||||||||||||||||||||").
             The game lasted 00:02:18 (696 turns).

browni3141 the Warrior (Ogre Berserker)              Turns: 696, Time: 00:02:19

Health: -7/128     AC:  3    Str: 33    XL:     9   Next: 55%
Magic:  9/9        EV: 10    Int:  8    God:    Trog [****..]
Gold:   0          SH:  0    Dex:  8    Spells: 8/8 levels left

rFire   + . .      SeeInvis .   k - +2 dire flail "Uxyeni" {vorpal, rElec rF+}
rCold   . . .      Faith    .   (shield currently unavailable)
rNeg    . . .      Spirit   .   b - +0 animal skin
rPois   .          Reflect  .   (helmet restricted)
rElec   +          Harm     .   (no cloak)
rCorr   .          Rampage  .   (gloves unavailable)
Will    ++...      NoTele   +   (boots unavailable)
Stlth   +.........              (no amulet)
HPRegen 1.31/turn               S - +3 ring of strength
MPRegen 0.11/turn               s - +3 ring of strength

@: strong-willed, on berserk cooldown, regenerating, slowed, very slow
A: large, unfitting armour, tough skin 1
a: Renounce Religion, Berserk, Trog's Hand, Brothers in Arms


You were in the Dungeon.
You worshipped Trog.
Trog was greatly pleased with you.
You visited 1 branch


Innate Abilities, Weirdness & Mutations

You are too large for most types of armour.
You have tough skin. (AC +1)


   Skills:
 + Level 19.7 Fighting
 - Level 14.0 Maces & Flails
 - Level 2.6 Dodging


You had 8 spell levels left.
You didn't know any spells.
Your spell library was empty.

Inventory:

Hand Weapons
 a - a +0 mace
 k - the +2 dire flail "Uxyeni" (weapon) {vorpal, rElec rF+}
   (You found it in the Dungeon)

   It inflicts extra damage upon your enemies.
   rF:        It protects you from fire.
   rElec:     It insulates you from electricity.
Armour
 b - a +0 animal skin (worn)
Jewellery
 s - a +3 ring of strength (right hand)
 S - a +3 ring of strength (left hand)
Wands
 j - a wand of acid (10)
Scrolls
 h - a scroll of blinking {@r3}
Potions
 c - 5 potions of curing {@q1}
 d - a potion of invisibility
 e - a potion of haste {@q3}
 f - 4 potions of magic
 g - a potion of berserk rage {!q}

Dungeon Overview and Level Annotations

Branches:
Dungeon (1/1)

Altars:
Cheibriados
Dithmenos
Elyvilon
Fedhas
Gozag
Hepliaklqana
Kikubaaqudgha
Makhleb
Nemelex Xobeh
Okawaru
Qazlal
Ru
Sif Muna
Trog
Uskayaw
Vehumet
Wu Jian
Xom
Yredelemnul
Zin
The Shining One
Beogh
Jiyva
Lugonu ¦.¦ ¦'¦ ¦?¦ ¦?¦ ¦?¦ ¦?¦ ¦?¦ ¦c¦

¦@¦
¦?¦
¦?¦
¦?¦
¦?¦
¦?¦
¦?¦
¦?¦
¦?¦


You could see a centaur warrior.


Message History

You feel much better.
The centaur warrior shoots an arrow.
The arrow hits you!!
* * * LOW HITPOINT WARNING * * *
The centaur warrior shoots an arrow.
The arrow hits you.
* * * LOW HITPOINT WARNING * * *
Unknown command.
Press < or > to pray at altars.
You feel much better.
The centaur warrior unwields a +0 longbow.
The centaur warrior completely misses you.
The centaur warrior kicks you.
* * * LOW HITPOINT WARNING * * *
The centaur warrior closely misses you. The centaur warrior kicks you.
* * * LOW HITPOINT WARNING * * *
You are too injured to fight recklessly!
You are too injured to fight recklessly!
You closely miss the centaur warrior. The centaur warrior hits you.
* * * LOW HITPOINT WARNING * * *
The centaur warrior kicks you.
* * * LOW HITPOINT WARNING * * *
You puncture the centaur warrior!
The centaur warrior is moderately wounded.
The centaur warrior hits you!
* * * LOW HITPOINT WARNING * * *
The centaur warrior kicks you but does no damage.
You puncture the centaur warrior!
The centaur warrior is heavily wounded.
The centaur warrior hits you.
* * * LOW HITPOINT WARNING * * *
The centaur warrior closely misses you. The centaur warrior hits you!
You die...

Skill      XL: |  1  2  3  4  5  6  7  8  9 |
---------------+----------------------------+-----
Maces & Flails | 4 8 10 11 12 14 | 14.0
Fighting       | 5 8 14 17 19 | 19.7
Dodging        | |  2.6

Action                   |  1- 3 |  4- 6 |  7- 9 || total
-------------------------+-------+-------+-------++-------
Melee: Mace              |    25 |    23 |       ||    48
       Dire flail        |       |     6 |    26 ||    32
       Punch             |       |     1 |       ||     1
Invok: Berserk           |     1 |     1 |     1 ||     3
       Trog's Hand       |     1 |       |     2 ||     3
       Brothers in Arms  |       |       |     2 ||     2
  Use: Potion            |       |     1 |     2 ||     3
       Scroll            |       |       |     1 ||     1
Armor: Animal skin       |     2 |     7 |     2 ||    11
Dodge: Dodged            |     8 |     8 |     8 ||    24

Levels and vault maps discovered:
D:        linesprint [early_d, line_temple, items_1, d_10, items_2, lair_1,
          lair_end, items_3, orc_1, orc_end, items_4, d_15, swamp_1, shoals_1,
          snake_1, spider_1, d_20, vaults_1, items_5, swamp_end, shoals_end,
          snake_end, spider_end, vaults_end, d_27, items_6, zot_1, zot_end,
          crypt_end, forest_end, elf_end, slime_end, tomb_end, abyss_end,
          pan_hell_end]

Notes
Turn   | Place    | Note
-------+----------+-------------------------------------------
     0 | D        | browni3141 the Ogre Berserker began the quest for the Orb.
     0 | D        | Reached XP level 1. HP: 24/24 MP: 1/1
     6 | D        | Reached skill level 3 in Maces & Flails
    13 | D        | Reached ** piety under Trog
    14 | D        | Reached skill level 4 in Maces & Flails
    17 | D        | Reached XP level 2. HP: 12/32 MP: 2/2
   210 | D        | Noticed a sky beast
   210 | D        | Noticed a black bear
   223 | D        | Killed a black bear
   224 | D        | Reached skill level 8 in Maces & Flails
   224 | D        | Reached XP level 3. HP: 14/39 MP: 3/3
   224 | D        | Reached XP level 4. HP: 18/48 MP: 4/4
   233 | D        | Killed a sky beast
   233 | D        | Reached *** piety under Trog
   234 | D        | Reached skill level 10 in Maces & Flails
   234 | D        | Reached XP level 5. HP: 14/54 MP: 5/5
   241 | D        | HP: 4/54 [adder zombie (3)]
   243 | D        | HP: 1/54 [adder zombie (2)]
   260 | D        | Found a snail-covered altar of Cheibriados.
   260 | D        | Found a shadowy altar of Dithmenos.
   260 | D        | Found a white marble altar of Elyvilon.
   260 | D        | Found a blossoming altar of Fedhas.
   260 | D        | Found an opulent altar of Gozag.
   261 | D        | Found a hazy altar of Hepliaklqana.
   262 | D        | Found a viscous altar of Jiyva.
   263 | D        | Found an ancient bone altar of Kikubaaqudgha.
   264 | D        | Found a corrupted altar of Lugonu.
   265 | D        | Found a burning altar of Makhleb.
   266 | D        | Found a sparkling altar of Nemelex Xobeh.
   267 | D        | Found an iron altar of Okawaru.
   268 | D        | Found a stormy altar of Qazlal.
   269 | D        | Found a sacrificial altar of Ru.
   270 | D        | Found a shimmering blue altar of Sif Muna.
   271 | D        | Found a bloodstained altar of Trog.
   272 | D        | Found a hide-covered altar of Uskayaw.
   273 | D        | Found a radiant altar of Vehumet.
   274 | D        | Found an ornate altar of the Wu Jian Council.
   275 | D        | Found a shimmering altar of Xom.
   276 | D        | Found a basalt altar of Yredelemnul.
   277 | D        | Found a glowing silver altar of Zin.
   278 | D        | Found a glowing golden altar of the Shining One.
   296 | D        | Got the +2 dire flail "Uxyeni" {vorpal, rElec rF+}
   485 | D        | Noticed a yak
   485 | D        | Noticed a centaur
   488 | D        | Killed a centaur
   489 | D        | Reached skill level 5 in Fighting
   489 | D        | Reached skill level 11 in Maces & Flails
   489 | D        | Reached XP level 6. HP: 67/67 MP: 6/6
   490 | D        | Reached **** piety under Trog
   493 | D        | Killed a yak
   494 | D        | Reached skill level 7 in Fighting
   494 | D        | Reached skill level 12 in Maces & Flails
   495 | D        | Reached skill level 8 in Fighting
   495 | D        | Reached XP level 7. HP: 80/80 MP: 7/7
   646 | D        | Noticed a centaur warrior
   646 | D        | Noticed a basilisk
   646 | D        | Noticed a two-headed ogre
   646 | D        | Noticed a two-headed ogre
   646 | D        | Noticed a cyclops
   646 | D        | Noticed a guardian serpent
   659 | D        | Killed a guardian serpent
   660 | D        | Reached skill level 10 in Fighting
   660 | D        | Reached skill level 14 in Maces & Flails
   660 | D        | HP: 10/130 [cyclops (32)]
   664 | D        | Killed a cyclops
   665 | D        | Reached skill level 14 in Fighting
   665 | D        | Reached XP level 8. HP: 15/105 MP: 8/8
   682 | D        | Killed a two-headed ogre
   683 | D        | Reached skill level 17 in Fighting
   683 | D        | Reached XP level 9. HP: 17/120 MP: 9/9
   684 | D        | Killed a two-headed ogre
   685 | D        | Reached skill level 19 in Fighting
   691 | D        | HP: 11/127 [centaur warrior/arrow (24)]
   696 | D        | HP: 5/128 [centaur warrior (6)]
   696 | D        | Mangled by a centaur warrior

Vanquished Creatures
  A cyclops (D)
  A guardian serpent (shapeshifter) (D)
  A basilisk (D)
  A yak (D)
  A sky beast (D)
  A black bear (D)
  A centaur (D)
  2 killer bees (D)
  2 adder zombies (D)
  A dart slug (D)
  An orc (D)
  An endoplasm (D)
  3 hobgoblins (D)
  A ball python skeleton (D)
  A giant cockroach zombie (D)
19 creatures vanquished.

Vanquished Creatures (collateral kills)
  2 two-headed ogres (D)
2 creatures vanquished.

Grand Total: 21 creatures vanquished

Table legend: (Time is in decaauts)
 A = Elapsed time spent in this place.
 B = Non-inter-level travel time spent in this place.
 C = Inter-level travel time spent in this place.
 D = Time resting spent in this place.
 E = Time spent auto-exploring this place.
 F = Levels seen in this place.
 G = Mean time per level.
                   A        B        C        D        E       F      G
               +--------+--------+--------+--------+--------+-----+--------+
         Total |    707 |    707 |      0 |    512 |      3 |   1 |  707.0 |
       Dungeon |    707 |    707 |      0 |    512 |      3 |   1 |  707.0 |
               +--------+--------+--------+--------+--------+-----+--------+

Top non-repeatable levels by time:
       D: 707 daAuts

Table legend:
 A = Non-vault XP
 B = Vault XP
 C = Vault XP percentage of total XP
 D = Non-vault monster count
 E = Vault monster count
 F = Vault count percentage of total count
                 A         B        C        D         E       F
            +---------+---------+-------+---------+---------+-------
      Total |       0 |    3635 | 100.0 |       0 |      21 | 100.0
            +---------+---------+-------+---------+---------+-------
          D |       0 |    3635 | 100.0 |       0 |      21 | 100.0
            +---------+---------+-------+---------+---------+-------
